 Dungeon Crawl Stone Soup version 0.18.1-6-gd335043 (webtiles) character file.

211 Ge0ff the Skirmisher (level 6, -2/48 HPs)
             Began as a Formicid Skald on May 15, 2016.
             Was an Initiate of Gozag.
             Slain by an orc priest (4 damage)
             ... on level 3 of the Dungeon.
             The game lasted 00:07:29 (2688 turns).

Ge0ff the Skirmisher (Formicid Skald)               Turns: 2688, Time: 00:07:30

Health: -2/48      AC:  6    Str: 18    XL:     6   Next: 13%
Magic:  10/10      EV: 15    Int: 11    God:    Gozag
Gold:   241        SH:  0    Dex: 16    Spells: 3 memorised, 6 levels left

rFire  . . .     SeeInvis +     a - +0 hand axe
rCold  . . .     Gourm    .     g - +0 scale mail
rNeg   . . .     Faith    .     (no shield)
rPois  .         Spirit   .     (helmet unavailable)
rElec  .         Dismiss  .     (no cloak)
rCorr  .         Reflect  .     (no gloves)
SustAt .         Harm     .     (no boots)
MR     .....                    (no amulet)
Stlth  +.........               (no ring)
                                (no ring)

@: agile, singing, gold aura, not resistant to hostile enchantments, very
unstealthy
A: permanent stasis, dig shafts and tunnels, four strong arms, antennae 3
a: Dig, Shaft Self, Potion Petition, Call Merchant, Bribe Branch, Renounce
Religion, Stop Singing


You were on level 3 of the Dungeon.
You worshipped Gozag.
Gozag was noncommittal.
You were very hungry.

You visited 1 branch of the dungeon, and saw 4 of its levels.

You collected 301 gold pieces.
You paid 60 gold pieces to Gozag.

Inventory:

Hand Weapons
 a - a +0 hand axe (weapon)
Missiles
 s - 13 poisoned needles
Armour
 e - a cursed +0 large shield
 g - a +0 scale mail (worn)
Scrolls
 b - 4 scrolls of random uselessness {unknown}
 i - 2 scrolls of noise {unknown}
 j - 3 scrolls of remove curse {unknown}
 k - 3 scrolls of identify {unknown}
 p - a scroll of teleportation {unknown}
 v - a scroll of enchant armour {unknown}
Potions
 f - a potion of lignification {unknown}
 h - a potion of heal wounds
 m - a potion of agility {unknown}
 o - a potion of curing {unknown}
 q - 2 potions of flight {unknown}
 t - a potion of brilliance {unknown}
Books
 c - a book of Battle

   Spells                             Type                      Level
   a - Infusion                       Charms                       1
   b - Shroud of Golubria             Charms/Translocation         2
   c - Song of Slaying                Charms                       2
   d - Spectral Weapon                Hexes/Charms                 3
   e - Regeneration                   Charms/Necromancy            3
Comestibles
 d - a bread ration
 l - 2 beef jerkies
 n - a royal jelly
 u - a slice of pizza


   Skills:
 * Level 3.7 Fighting
 * Level 3.4 Axes
 * Level 2.7 Armour
 + Level 1.8 Dodging
 + Level 3.0 Spellcasting
 - Level 3.0 Charms


You had 6 spell levels left.
You knew the following spells:

 Your Spells              Type           Power        Failure   Level  Hunger
a - Infusion              Chrm           #...         28%         1    #......
b - Song of Slaying       Chrm           #.......     38%         2    ###....
c - Shroud of Golubria    Chrm/Tloc      #.........   77%         2    ###....


Dungeon Overview and Level Annotations

Branches:
Dungeon (4/15)
 Temple: D:4-7

Altars:
Ashenzari
Fedhas
Gozag
Kikubaaqudgha
Vehumet


Innate Abilities, Weirdness & Mutations

You are under a permanent stasis effect.
You can dig through walls and to a lower floor.
Your four strong arms can wield two-handed weapons with a shield.
You have a pair of large antennae on your head (SInv).


Message History

[c] - 0 gold - haste, agility, curing and magic Purchase which effect?
Your stasis keeps you stable.
You feel agile all of a sudden.
You feel better. Magic courses through your body.
The orc hits you but does no damage. The orc closely misses you.
You closely miss the orc.
The orc is heavily wounded.
You hit the orc.
You kill the orc!
The orc closely misses you.
You hit the orc.
The orc is almost dead.
You hit the orc priest.
The orc priest is lightly wounded.
The orc hits you with a war axe!
* * * LOW HITPOINT WARNING * * *
The orc priest hits you.
You die...
Your body crumbles into a pile of gold.

###.).#.########....
#...###.# ####..
#.### #.# #.. #.#
#.# #. #.# #.# #.
#.#####.# .. #....#
.# .. ####.##.# ..
#.@o.# .# ###o.# ..
#.... # .##.# # # #
### ## ##..##.


You could see an orc priest and an orc.

Vanquished Creatures
  Natasha (thrice) (D:2)
  2 gnolls (D:2)
  3 adders (D:3)
  2 worms
  A dart slug (D:1)
  A giant gecko (D:1)
  4 orcs (D:3)
  6 giant cockroaches
  8 goblins
  8 hobgoblins
  3 jackals (D:1)
  12 kobolds
  A quokka (D:2)
  14 bats
  A giant newt (D:1)
  9 rats
78 creatures vanquished.

Notes
Turn   | Place    | Note
--------------------------------------------------------------
     0 | D:1      | Ge0ff the Formicid Skald began the quest for the Orb.
     0 | D:1      | Reached XP level 1. HP: 16/16 MP: 3/3
   131 | D:1      | Reached skill level 1 in Dodging
   131 | D:1      | Reached XP level 2. HP: 6/23 MP: 0/5
   580 | D:1      | Found a shattered altar of Ashenzari.
   587 | D:1      | Reached XP level 3. HP: 27/28 MP: 3/6
   882 | D:2      | Learned a level 2 spell: Song of Slaying
  1140 | D:2      | Learned a level 2 spell: Shroud of Golubria
  1162 | D:2      | Noticed Natasha
  1175 | D:2      | HP: 1/28 [Natasha (6)]
  1179 | D:2      | Killed Natasha
  1179 | D:2      | Reached XP level 4. HP: 31/34 MP: 0/7
  1215 | D:2      | Found a blossoming altar of Fedhas.
  1218 | D:2      | Found an ancient bone altar of Kikubaaqudgha.
  1357 | D:2      | HP: 1/34 [gnoll (5)]
  1360 | D:2      | Reached XP level 5. HP: 1/41 MP: 6/9
  1756 | D:2      | Noticed Natasha
  1759 | D:2      | Killed Natasha
  2018 | D:2      | Noticed Natasha
  2022 | D:2      | Killed Natasha
  2088 | D:3      | Found an opulent altar of Gozag.
  2220 | D:3      | Became a worshipper of Gozag Ym Sagoz the Greedy
  2318 | D:3      | Found a radiant altar of Vehumet.
  2372 | D:3      | Reached XP level 6. HP: 43/47 MP: 6/10
  2688 | D:3      | HP: 2/48 [orc/war axe (9)]
  2688 | D:3      | Slain by an orc priest

Skill      XL: |  1  2  3  4  5 |
---------------+----------------+-----
Dodging        | 1 |  1.8
Armour         | 2 |  2.7
Fighting       | 3 |  3.7
Axes           | 3 |  3.4
Spellcasting   | 3 |  3.0
Charms         | |  3.0

Action                   |  1- 3 |  4- 6 || total
-------------------------+-------+-------++-------
Melee: Hand axe          |   115 |   143 ||   258
 Cast: Infusion          |     8 |     3 ||    11
       Song of Slaying   |     3 |     5 ||     8
Invok: Potion Petition   |       |     1 ||     1
  Use: Potion            |     1 |       ||     1
 Stab: Distracted        |       |     1 ||     1
  Eat: Chunk             |     1 |     5 ||     6
Armor: Leather armour    |    13 |       ||    13
       Scale mail        |    52 |    68 ||   120
Dodge: Dodged            |    64 |    92 ||   156
